Map: Black Site 2E

Players

MarioPower

  • Race: Protoss Protoss
  • League: Silver
  • Spawn Location: 6:00

Spartnan

  • Race: Protoss Protoss
  • League: Silver
  • Spawn Location: 3:00

Jedimonster

  • Race: Protoss Protoss
  • League: Gold
  • Spawn Location: 5:00

Throwfordays - Winner!

  • Race: Protoss Protoss
  • League: Silver
  • Spawn Location: 11:00

Cthulhu - Winner!

  • Race: Terran Terran
  • Spawn Location: 9:00

Faust - Winner!

  • Race: Zerg Zerg
  • League: Diamond
  • Spawn Location: 12:00

VOD

Have the link to the VOD?

Description

Time

  • Played on: March 25, 2019, 12:29 a.m.
  • Length: 13:00
Show
View Real Time Build Order
Export as new Build Order

MarioPower Protoss 

Build Orders:  

Get SALT Encoding   

  12  0:01  Probe  
  13  0:22  Pylon  
  13  0:25  Probe  
  14  0:37  Probe  
  15  0:43  Gateway  
  15  0:54  Pylon, Probe  
  16  1:00  Assimilator  
  16  1:06  Probe  
  17  1:18  Gateway, Probe  
  18  1:28  Zealot  
  18  1:33  Cybernetics Core  
  20  1:41  Probe  
  21  1:49  Probe  
  21  1:50  Assimilator  
  22  1:59  Probe  
  23  2:11  Stalker  
  25  2:19  Stalker  
  27  2:35  Warp Gate  
  27  2:38  Shield Battery  
  27  3:07  Pylon  
  27  3:25  Pylon  
  27  3:45  Nexus  
  27  3:48  Assimilator  
  27  3:49  Stalker x2  
  27  3:52  Assimilator  
  31  4:03  Pylon  
  31  4:06  Gateway  
  31  4:08  Gateway  
  31  4:35  Stalker x2  
  35  5:03  Twilight Council  
  35  5:04  Probe  
  36  5:07  Pylon  
  36  5:09  Probe  
  36  5:12  Probe  
  37  5:17  Probe  
  37  5:20  Stalker, Probe  
  42  5:32  Probe  
  43  5:38  Blink  
  43  5:44  Probe  
  44  5:51  Stalker x2  
  44  5:52  Stalker  
  50  6:25  Probe  
  51  6:28  Stalker  
  51  6:29  Stalker  
  55  6:37  Robotics Facility, Probe  
  56  6:43  Pylon  
  56  6:49  Probe  
  56  6:52  Forge  
  57  7:00  Pylon  
  57  7:01  Probe  
  58  7:13  Pylon  
  58  7:14  Stalker x2  
  58  7:15  Stalker  
  64  7:19  Stalker  
  66  7:28  Probe  
  67  7:40  Probe  
  68  7:52  Probe  
  69  8:11  Protoss Ground Weapons Level 1  
  69  8:20  Immortal  
  73  8:32  Photon Cannon  
  73  8:33  Photon Cannon  
  73  8:45  Photon Cannon  
  73  8:47  Photon Cannon  
  73  8:49  Photon Cannon  
  73  8:53  Immortal  
  73  8:54  Stalker x2  
  73  8:55  Stalker  
  83  9:13  Gateway  
  83  9:14  Gateway  
  83  9:48  Immortal  
  87  10:10  Templar Archives  
  85  10:26  Observer  
  86  10:41  Stalker x2  
  86  10:42  Stalker x2  
  94  11:00  Pylon, Psionic Storm  
  94  11:04  Pylon  
  94  11:06  Pylon  
  94  11:10  Pylon  
  94  11:14  Pylon  
  95  11:18  Observer  
  95  11:21  Pylon, Stalker x3  
  95  11:22  Pylon  
  95  11:25  Pylon  
  102  11:40  Observer  
  81  12:01  Observer  
  61  12:18  Stalker x3  
  61  12:19  Stalker x3  
Show
View Real Time Build Order
Export as new Build Order

Spartnan Protoss 

Build Orders:  

Get SALT Encoding   

  12  0:11  Probe  
  13  0:27  Probe  
  14  0:35  Pylon  
  14  0:39  Probe  
  15  0:53  Probe  
  16  1:05  Probe  
  17  1:17  Probe  
  18  1:19  Assimilator  
  18  1:22  Gateway  
  18  1:23  Assimilator  
  18  1:27  Pylon  
  18  1:29  Probe  
  19  1:42  Probe  
  20  1:54  Probe  
  21  2:03  Forge  
  21  2:06  Probe  
  22  2:18  Cybernetics Core, Probe  
  23  2:24  Pylon  
  23  2:33  Gateway  
  23  2:35  Zealot  
  25  2:55  Pylon  
  25  3:07  Photon Cannon  
  25  3:11  Photon Cannon  
  25  3:14  Photon Cannon  
  25  3:17  Photon Cannon  
  25  3:18  Warp Gate  
  25  3:30  Gateway  
  25  3:32  Gateway  
  22  4:25  Probe  
  23  4:35  Pylon  
  22  4:50  Probe  
  23  5:02  Gateway  
  23  5:04  Gateway  
  23  5:30  Gateway  
  23  5:31  Gateway  
  23  5:37  Pylon  
  23  5:40  Gateway  
  23  5:56  Pylon  
  23  5:59  Pylon  
  23  6:24  Photon Cannon  
  23  6:27  Photon Cannon  
  23  6:28  Photon Cannon  
  23  6:31  Photon Cannon x2  
  23  6:33  Photon Cannon  
  23  6:41  Pylon  
  23  6:45  Nexus  
  23  6:54  Probe  
  23  7:01  Stalker x2  
  28  7:02  Gateway  
  28  7:04  Gateway  
  28  7:05  Stalker  
  28  7:06  Probe  
  31  7:18  Probe  
  31  7:19  Stalker  
  34  7:28  Pylon  
  34  7:30  Probe  
  35  7:42  Probe  
  36  7:52  Pylon  
  36  7:53  Probe  
  37  7:59  Probe  
  37  8:01  Probe  
  39  8:09  Probe  
  39  8:11  Probe  
  40  8:13  Pylon  
  41  8:21  Probe  
  41  8:23  Probe  
  41  8:24  Pylon  
  43  8:33  Probe  
  44  8:35  Probe  
  44  8:37  Assimilator  
  45  8:41  Assimilator  
  45  8:45  Probe  
  45  8:47  Probe  
  47  8:57  Probe  
  47  8:59  Probe  
  49  9:06  Stalker x4  
  49  9:07  Stalker x2  
  61  9:14  Robotics Facility  
  61  9:18  Robotics Facility  
  61  9:25  Twilight Council  
  61  9:44  Nexus  
  61  9:58  Assimilator  
  61  10:01  Blink, Probe x2  
  61  10:04  Assimilator  
  63  10:13  Probe  
  63  10:14  Probe  
  65  10:25  Probe  
  65  10:26  Probe  
  65  10:38  Probe x2  
  65  10:40  Observer x2  
  69  10:42  Stalker  
  69  10:43  Stalker x5  
  81  10:50  Probe x2  
  83  11:02  Probe x2  
  85  11:14  Probe x2  
  85  11:16  Stalker  
  85  11:17  Stalker x2  
  85  11:18  Stalker x2  
  97  11:20  Stalker  
  99  11:26  Probe  
  100  11:50  Pylon  
  100  11:55  Stalker  
  100  11:56  Stalker x5  
Show
View Real Time Build Order
Export as new Build Order

Jedimonster Protoss 

Build Orders:  

Get SALT Encoding   

  12  0:21  Probe  
  13  0:30  Pylon  
  13  0:33  Probe  
  14  0:45  Probe  
  14  0:48  Gateway  
  15  0:54  Assimilator  
  15  0:56  Probe  
  15  1:01  Pylon  
  16  1:04  Probe  
  17  1:12  Probe  
  18  1:22  Gateway  
  18  1:23  Probe  
  19  1:35  Probe  
  19  1:37  Zealot  
  22  1:53  Cybernetics Core  
  22  2:00  Forge  
  22  2:12  Zealot x2  
  26  2:21  Assimilator  
  27  2:22  Probe  
  27  2:35  Probe  
  27  2:36  Twilight Council  
  28  2:54  Photon Cannon  
  28  2:58  Pylon  
  28  3:15  Charge  
  28  3:24  Warp Gate  
  28  3:35  Photon Cannon  
  26  3:42  Zealot x2  
  26  4:02  Shield Battery  
  26  4:07  Photon Cannon  
  26  4:10  Gateway  
  26  4:19  Zealot x2  
  11  4:46  Zealot x2  
  11  5:25  Probe  
  11  5:47  Probe  
  12  6:10  Probe  
  13  6:18  Probe  
  14  6:26  Probe  
  15  6:37  Probe  
  16  6:45  Probe  
  16  6:53  Probe  
  18  7:01  Probe  
  19  7:09  Probe  
  20  7:17  Probe  
  21  7:26  Pylon  
  21  7:27  Probe  
  22  7:36  Probe  
  22  7:44  Probe  
  24  7:51  Templar Archives  
  24  7:52  Probe  
  24  7:56  Protoss Ground Weapons Level 1  
  25  8:00  Probe  
  26  8:10  Probe  
  27  8:19  Probe  
  27  8:21  Photon Cannon  
  28  8:27  Probe  
  29  8:36  Probe  
  29  8:38  High Templar  
  32  8:45  High Templar  
  34  8:58  Archon  
  34  9:09  Nexus  
  34  9:20  Assimilator  
  34  9:24  Assimilator  
  34  9:26  High Templar  
  34  9:29  Zealot  
  34  9:30  Zealot  
  40  9:38  Probe  
  41  9:50  Probe  
  42  10:00  High Templar  
  42  10:02  Probe  
  45  10:09  Archon  
  45  10:35  Resonating Glaives  
  45  10:39  High Templar x2  
  45  10:40  Zealot  
  51  10:55  Probe  
  52  11:07  Probe  
  53  11:12  Nexus  
  53  11:17  Pylon  
  53  11:19  Probe  
  53  11:20  Pylon  
  53  11:21  Archon  
  54  11:28  Sentry  
  54  11:29  Sentry x2  
  54  11:31  Probe  
  61  11:40  Dark Shrine  
  61  11:43  Probe  
  62  12:17  High Templar x2  
  66  12:22  Archon  
Show
View Real Time Build Order
Export as new Build Order

Throwfordays Protoss - Winner!

Build Orders: Nexus First 

Get SALT Encoding   

  12  0:00  Probe  
  13  0:13  Probe  
  14  0:25  Probe  
  15  0:47  Nexus  
  15  0:57  Pylon  
  15  1:05  Assimilator  
  15  1:15  Probe  
  16  1:21  Gateway  
  16  1:23  Probe  
  16  1:32  Probe  
  17  1:36  Forge  
  18  1:41  Probe  
  19  1:53  Probe  
  20  1:55  Probe  
  21  2:03  Probe  
  22  2:09  Cybernetics Core  
  22  2:13  Probe  
  23  2:19  Assimilator  
  23  2:25  Probe  
  24  2:34  Pylon  
  24  2:37  Pylon, Probe  
  24  2:40  Probe  
  26  2:49  Probe  
  27  2:52  Probe  
  27  2:54  Stargate  
  28  3:01  Probe  
  28  3:02  Photon Cannon  
  28  3:04  Probe  
  30  3:09  Photon Cannon  
  30  3:14  Probe  
  31  3:22  Probe  
  31  3:26  Assimilator  
  32  3:29  Protoss Air Weapons Level 1  
  32  3:30  Assimilator  
  32  3:32  Probe  
  32  3:35  Probe  
  34  3:44  Void Ray, Probe  
  34  3:47  Probe  
  40  3:56  Probe  
  40  3:59  Probe  
  42  4:08  Probe  
  43  4:15  Nexus  
  43  4:19  Pylon  
  43  4:20  Probe  
  43  4:22  Assimilator  
  44  4:26  Protoss Shields Level 1  
  44  4:29  Void Ray  
  48  4:32  Probe x2  
  50  4:45  Probe x2  
  52  4:47  Assimilator  
  52  4:57  Probe  
  53  5:00  Stargate  
  53  5:11  Probe  
  53  5:12  Void Ray  
  53  5:13  Probe  
  59  5:18  Stargate  
  59  5:23  Probe  
  59  5:25  Probe  
  59  5:28  Pylon, Probe  
  61  5:30  Pylon  
  61  5:35  Probe  
  63  5:37  Probe x2  
  63  5:39  Pylon  
  65  5:46  Void Ray, Probe  
  65  5:48  Protoss Air Armor Level 1  
  70  5:53  Probe  
  71  5:58  Probe x2  
  71  6:01  Probe  
  73  6:06  Probe  
  73  6:10  Probe  
  73  6:11  Probe  
  76  6:12  Void Ray  
  76  6:15  Probe  
  81  6:18  Void Ray  
  81  6:23  Probe x2  
  88  6:27  Cybernetics Core, Probe  
  88  6:32  Fleet Beacon  
  89  6:35  Probe x2  
  89  6:39  Probe  
  92  7:02  Void Ray x2  
  100  7:13  Pylon  
  100  7:14  Pylon  
  100  7:15  Pylon  
  100  7:20  Pylon  
  100  7:22  Pylon  
  100  7:25  Pylon  
  100  7:29  Pylon  
  100  7:30  Void Ray  
  100  7:36  Nexus  
  104  7:38  Assimilator  
  104  7:41  Assimilator  
  104  7:42  Pylon  
  104  7:44  Void Ray  
  104  7:45  Void Ray, Stargate  
  104  7:46  Pylon  
  104  7:51  Protoss Air Weapons Level 2  
  112  7:54  Pylon  
  112  7:59  Protoss Air Armor Level 2  
  112  8:06  Twilight Council  
  112  8:13  Protoss Shields Level 2, Void Ray  
  112  8:18  Stargate  
  116  8:24  Probe  
  117  8:27  Void Ray x2  
  117  8:28  Probe  
  117  8:32  Probe  
  127  8:36  Probe  
  127  8:40  Probe  
  129  8:45  Probe  
  129  8:48  Probe  
  131  8:49  Void Ray  
  131  8:52  Probe  
  136  8:57  Probe  
  136  8:59  Void Ray  
  136  9:01  Void Ray  
  145  9:09  Probe  
  146  9:11  Pylon  
  146  9:21  Probe  
  147  9:45  Void Ray  
  147  9:46  Void Ray x4  
  147  9:47  Nexus  
  167  9:55  Protoss Air Weapons Level 3  
  167  10:06  Assimilator  
  167  10:11  Assimilator  
  167  10:14  Pylon  
  167  10:18  Pylon, Protoss Air Armor Level 3  
  167  10:28  Void Ray x2  
  167  10:29  Void Ray x3  
  187  10:55  Probe  
  188  11:07  Probe  
  189  11:11  Void Ray x2  
  197  11:19  Probe  
  197  11:22  Probe  
Show
View Real Time Build Order
Export as new Build Order

Cthulhu Terran - Winner!

Build Orders:  

Get SALT Encoding   

  12  0:02  SCV  
  13  0:14  SCV  
  14  0:21  Supply Depot  
  14  0:27  SCV  
  15  0:43  SCV  
  15  0:45  Barracks  
  16  0:57  SCV  
  17  1:05  Refinery  
  17  1:09  SCV  
  18  1:35  Refinery, Orbital Command  
  18  1:36  Marine  
  18  1:39  Supply Depot  
  19  2:01  Command Center  
  19  2:20  SCV  
  20  2:33  SCV  
  21  2:42  Factory  
  21  2:44  Ghost Academy  
  21  3:10  SCV, Barracks  
  21  3:12  Marine  
  23  3:18  Supply Depot  
  23  3:30  Supply Depot  
  23  3:41  Barracks  
  23  3:44  Barracks Tech Lab  
  23  3:51  Orbital Command  
  23  4:35  SCV x2, Barracks Tech Lab, Ghost  
  23  4:37  Marine  
  28  4:42  Barracks  
  28  4:54  SCV x2  
  30  5:01  Supply Depot  
  30  5:09  Supply Depot, Ghost  
  32  5:16  Marine  
  33  5:36  Supply Depot  
  31  6:11  SCV x2, Ghost x2  
  33  6:16  Refinery  
  37  6:21  Refinery, Ghost Academy  
  37  6:23  SCV  
  38  6:25  Factory Reactor  
  38  6:29  Barracks, Starport  
  38  6:39  Supply Depot  
  38  6:46  Engineering Bay  
  38  6:47  Engineering Bay  
  38  6:48  SCV x2, Ghost, Command Center  
  42  7:12  Marauder  
  42  7:15  Terran Infantry Weapons Level 1  
  44  7:18  Marauder  
  44  7:22  Terran Infantry Armor Level 1  
  46  7:24  Barracks Reactor  
  46  7:29  Barracks  
  46  7:39  Factory Tech Lab  
  46  7:44  Nuke  
  46  7:46  Personal Cloaking  
  46  7:50  Marauder  
  48  7:52  Marauder  
  48  7:54  SCV  
  48  7:58  SCV  
  52  8:03  Orbital Command  
  52  8:06  SCV  
  53  8:15  Marine x2  
  53  8:16  Marauder x2  
  53  8:17  Medivac  
  61  8:20  Medivac  
  63  8:48  Barracks Tech Lab  
  63  8:50  Marine, Marauder, Ghost  
  63  8:51  Marine  
  63  8:52  Medivac x2  
  63  8:54  Widow Mine  
  75  9:11  Nuke  
  75  9:13  Marine, Marauder, Ghost  
  75  9:14  Marine  
  75  9:15  Widow Mine  
  83  9:23  Supply Depot x2, Armory  
  83  9:24  Viking  
  85  9:46  Marine x2, Marauder x3  
  85  9:47  Combat Shield  
  85  9:48  Concussive Shells  
  93  10:03  SCV x3  
  96  10:07  Refinery  
  96  10:13  Marauder x2  
  100  10:15  Marauder  
  100  10:17  Marine  
  103  10:26  Missile Turret  
  103  10:28  Missile Turret  
  102  10:44  Terran Infantry Weapons Level 2  
  102  10:46  Marauder  
  104  11:02  SCV  
  104  11:03  SCV x2  
  107  11:06  Marauder x2  
  107  11:07  Marine x2  
  113  11:11  Medivac  
  113  11:12  Medivac  
  117  11:43  Marine x2  
  117  11:44  Marauder x2  
  117  11:45  Supply Depot x2  
  123  11:49  Supply Depot  
Show
View Real Time Build Order
Export as new Build Order

Faust Zerg - Winner!

Build Orders: Pool First 

Get SALT Encoding   

  12  0:01  Drone  
  13  0:09  Drone  
  14  0:16  Extractor  
  14  0:17  Drone  
  15  0:23  Overlord  
  15  0:44  Spawning Pool, Drone  
  15  0:47  Extractor  
  15  0:49  Drone  
  15  0:52  Drone  
  16  0:58  Drone  
  17  1:30  Zergling x6  
  17  1:31  Queen  
  22  1:47  Metabolic Boost  
  22  1:58  Overlord  
  22  2:01  Hatchery  
  22  2:03  Zergling x2  
  22  2:17  Zergling x4  
  24  2:33  Zergling x2  
  25  2:42  Zergling x8  
  29  2:57  Zergling x2  
  29  3:02  Zergling x2  
  26  3:14  Zergling x2  
  27  3:20  Queen, Drone  
  27  3:23  Lair  
  27  3:25  Zergling x4  
  32  3:32  Drone  
  29  3:52  Zergling x4  
  29  3:53  Zergling x8  
  35  4:04  Overlord x2  
  30  4:48  Drone  
  30  4:49  Drone x11  
  40  4:54  Extractor  
  39  5:01  Hatchery  
  35  5:16  Drone x3  
  35  5:41  Drone x3  
  38  5:43  Drone  
  38  5:44  Drone x5  
  38  5:46  Extractor  
  38  5:49  Extractor  
  42  5:53  Evolution Chamber  
  42  5:55  Evolution Chamber  
  40  5:57  Infestation Pit  
  39  6:09  Drone x4  
  39  6:10  Drone  
  44  6:11  Drone x3  
  44  6:14  Drone  
  44  6:17  Drone  
  49  6:20  Drone  
  49  6:23  Queen, Drone x3  
  49  6:25  Overlord  
  55  6:27  Overlord  
  55  6:29  Zerg Melee Weapons Level 1  
  55  6:38  Drone  
  55  6:39  Drone  
  57  6:42  Drone  
  57  6:44  Drone  
  57  6:45  Drone  
  60  6:47  Drone x2  
  60  6:48  Drone  
  60  6:52  Extractor  
  60  6:53  Extractor  
  61  6:58  Drone  
  61  6:59  Drone x3  
  61  7:00  Drone  
  61  7:01  Drone  
  67  7:06  Zerg Ground Armor Level 1  
  67  7:08  Hive  
  67  7:34  Drone x2  
  67  7:35  Drone x5, Hatchery  
  67  7:36  Overseer  
  73  7:37  Overlord  
  73  7:38  Overlord x3  
  73  7:53  Drone  
  73  7:56  Drone x5  
  73  7:57  Drone x3  
  82  7:58  Overlord  
  82  8:05  Spore Crawler  
  81  8:08  Spore Crawler  
  81  8:09  Spore Crawler  
  79  8:16  Drone  
  80  8:24  Ultralisk Cavern  
  79  8:27  Zerg Melee Weapons Level 2  
  80  8:34  Drone x2  
  80  8:35  Extractor  
  80  8:36  Extractor, Adrenal Glands  
  80  8:38  Drone x3  
  80  8:39  Drone x3  
  80  8:40  Zergling x4  
  80  8:41  Zergling x8  
  91  8:52  Burrow  
  91  8:58  Drone x3  
  91  9:00  Drone x3  
  91  9:01  Queen  
  99  9:10  Zerg Ground Armor Level 2  
  99  9:11  Chitinous Plating  
  99  9:26  Spore Crawler  
  99  9:30  Spine Crawler  
  97  9:31  Spine Crawler  
  97  9:34  Ultralisk x2  
  97  9:36  Overlord x3  
  97  9:37  Overlord x4  
  108  9:47  Spine Crawler  
  107  9:53  Overlord x2  
  107  9:56  Ultralisk x5  
  107  9:58  Ultralisk  
  143  10:08  Overlord x3  
  143  10:12  Hatchery  
  142  10:25  Spore Crawler  
  141  10:30  Anabolic Synthesis  
  141  10:43  Drone  
  141  10:44  Drone x12  
  141  10:45  Overlord  
  141  10:49  Zergling x10  
  162  10:50  Zergling x22  
  170  11:00  Drone  
  171  11:10  Spire  
  170  11:11  Spire  
  170  11:15  Hydralisk Den  
  170  11:18  Roach Warren  
  167  11:41  Extractor, Drone x3  
  167  11:42  Extractor, Drone x3  
  167  11:43  Drone  
  144  12:13  Zergling x4  
  144  12:14  Zergling x34  
Tags
 
Add a new tag
Caveats
  • Supply blocks, unpowered buildings, or Contaminate may cause inaccurate times.
  • Supply counts are checked every 10 seconds.